Map: Sequencer LE

Players

ShoWTimE

  • Race: Protoss Protoss
  • Spawn Location: 7:00

Elazer - Winner!

  • Race: Zerg Zerg
  • League: Master
  • Spawn Location: 1:00

Event: HomeStory Cup XV

VOD

Have the link to the VOD?

Description

Time

  • Played on: July 23, 2017, 11:08 a.m.
  • Length: 4:42

All games in this series

Show
View Real Time Build Order
Export as new Build Order

ShoWTimE Protoss 

Build Orders: Nexus First, Oracle Opening 

Get SALT Encoding   

  12  0:00  Probe (Chrono Boost)  
  13  0:11  Probe (Chrono Boost)  
  14  0:18  Pylon  
  14  0:22  Probe (Chrono Boost)  
  15  0:36  Probe (Chrono Boost)  
  16  0:47  Probe (Chrono Boost)  
  17  0:59  Nexus  
  17  1:09  Gateway  
  17  1:11  Probe (Chrono Boost)  
  17  1:16  Assimilator  
  18  1:22  Probe (Chrono Boost)  
  18  1:25  Assimilator  
  20  1:33  Probe (Chrono Boost)  
  20  1:40  Gateway  
  20  1:43  Probe (Chrono Boost)  
  21  1:54  Probe (Chrono Boost)  
  22  1:56  Cybernetics Core  
  22  2:04  Probe (Chrono Boost)  
  22  2:07  Pylon  
  23  2:12  Probe (Chrono Boost)  
  23  2:15  Probe (Chrono Boost)  
  25  2:22  Probe (Chrono Boost)  
  26  2:25  Probe (Chrono Boost)  
  27  2:32  Adept (Chrono Boost)  
  27  2:33  Probe, Adept (Chrono Boost)  
  27  2:36  Probe  
  33  2:39  Warp Gate  
  33  2:45  Probe  
  33  2:48  Probe  
  35  2:52  Stargate  
  35  2:57  Probe  
  36  3:00  Probe  
  36  3:02  Adept (Chrono Boost)  
  39  3:08  Adept (Chrono Boost)  
  39  3:09  Probe  
  42  3:12  Probe  
  42  3:15  Pylon  
  43  3:22  Probe  
  43  3:24  Pylon  
  43  3:25  Probe  
  45  3:33  Oracle (Chrono Boost)  
  45  3:34  Probe  
  45  3:36  Assimilator  
  45  3:38  Probe, Adept  
  52  3:45  Adept  
  52  3:46  Probe (Chrono Boost)  
  55  3:54  Pylon  
  55  3:56  Assimilator  
  55  3:58  Probe (Chrono Boost)  
  58  4:05  Oracle  
  59  4:23  Mothership Core (Chrono Boost)  
Show
View Real Time Build Order
Export as new Build Order

Elazer Zerg - Winner!

Build Orders: Hatch First, Roach Nydus 

Get SALT Encoding   

  12  0:00  Drone  
  13  0:12  Overlord  
  13  0:17  Drone  
  14  0:31  Drone x2  
  14  0:34  Drone  
  17  0:51  Hatchery  
  17  0:54  Drone  
  17  0:58  Drone  
  18  1:09  Extractor  
  17  1:13  Spawning Pool  
  17  1:15  Drone  
  17  1:18  Drone  
  18  1:28  Drone  
  19  1:38  Overlord  
  19  1:49  Drone  
  20  1:59  Queen  
  20  2:00  Drone  
  23  2:03  Queen, Zergling x2  
  26  2:11  Drone  
  26  2:14  Drone  
  29  2:22  Drone  
  29  2:25  Drone  
  30  2:36  Lair  
  30  2:39  Queen, Drone  
  30  2:42  Drone  
  34  2:51  Hatchery  
  34  2:55  Overlord  
  33  3:03  Extractor  
  33  3:05  Drone  
  33  3:06  Roach Warren  
  33  3:08  Zergling x2  
  33  3:10  Overlord  
  34  3:15  Queen  
  36  3:33  Nydus Network, Queen  
  37  3:46  Roach x4  
  45  3:50  Overlord  
  45  3:59  Queen, Zergling x4  
  49  4:04  Roach  
  51  4:10  Nydus Canal  
  51  4:14  Roach  
  53  4:17  Roach  
  53  4:22  Roach  
Tags
 
Add a new tag
Caveats
  • Supply blocks, unpowered buildings, or Contaminate may cause inaccurate times.
  • Supply counts are checked every 10 seconds.